 Dungeon Crawl Stone Soup version 0.20-a0-59-g66a9409 (webtiles) character file.

669 KristoblXynda the Shield-Bearer (level 7, -5/57 HPs)
             Began as a Yellow Draconian Fighter on Nov 16, 2016.
             Was a Follower of Cheibriados.
             Slain by an orc warrior
             ... wielding a +0 dire flail
              (19 damage)
             ... on level 6 of the Dungeon.
             The game lasted 00:08:34 (4467 turns).

KristoblXynda the Shield-Bearer (DrFi)              Turns: 4467, Time: 00:08:35

Health: -5/57      AC:  7    Str: 22    XL:     7   Next: 32%
Magic:  8/8        EV: 11    Int: 13    God:    Cheibriados [*.....]
Gold:   241        SH: 10    Dex: 13    Spells: 0 memorised, 6 levels left

rFire  . . .     SeeInvis .     a - +0 long sword
rCold  . . .     Gourm    .     (armour unavailable)
rNeg   . . .     Faith    .     b - +0 shield
rPois  .         Spirit   .     (helmet restricted)
rElec  .         Reflect  .     i - +0 cloak
rCorr  +         Harm     .     (no gloves)
MR     .....                    (no boots)
Stlth  ++........               o - amulet of magic regeneration
                                (no ring)
                                m - ring of stealth

@: drained, very slow
A: spit acid, acid resistance, unfitting armour, cold-blooded, AC +6
a: Spit Acid, Bend Time, Renounce Religion


You were on level 6 of the Dungeon.
You worshipped Cheibriados.
Cheibriados was aware of your devotion.
You were not hungry.

You visited 2 branches of the dungeon, and saw 6 of its levels.

You collected 241 gold pieces.

Inventory:

Hand Weapons
 a - a +0 long sword (weapon)
 n - the +2 hand axe of Foul Odors {freeze, *Noise rPois Str+2 Stlth+}
   (You found it on level 5 of the Dungeon)

   It has been specially enchanted to freeze those struck by it, causing extra
   injury to most foes and up to half again as much damage against particularly
   susceptible opponents.
   It can also slow down cold-blooded creatures.
   It affects your strength (+2).
   It protects you from poison.
   It may make noises in combat.
   It makes you more stealthy.
Missiles
 g - 2 throwing nets (quivered)
Armour
 b - a +0 shield (worn)
 i - a +0 cloak (worn)
Jewellery
 m - a ring of stealth (left hand)
 o - an amulet of magic regeneration (around neck)
Wands
 s - a wand of confusion (37/48)
Scrolls
 e - a scroll of teleportation
 h - a scroll of blinking {unknown}
 p - a scroll of enchant armour {unknown}
 r - a scroll of remove curse
 u - a scroll of magic mapping
Potions
 c - 2 potions of might
 k - 2 potions of curing
 q - a potion of flight {unknown}
Comestibles
 d - 2 bread rations
 f - 3 meat rations
 j - 4 fruits
 l - a beef jerky
 t - a chunk of flesh


   Skills:
 - Level 3.2(2.4) Fighting
 + Level 4.9(4.0) Long Blades
 - Level 1.3(0.5) Throwing
 - Level 4.0(3.1) Dodging
 + Level 5.6(4.7) Shields
 + Level 2.4(1.6) Invocations


You had 6 spell levels left.
You didn't know any spells.

Dungeon Overview and Level Annotations

Branches:
Dungeon (6/15)             Temple (1/1) D:5

Altars:
Ashenzari
Cheibriados
Elyvilon
Fedhas
Hepliaklqana
Kikubaaqudgha
Makhleb
Okawaru
Qazlal
Ru
Sif Muna
Trog
Uskayaw
Xom
Zin
The Shining One


Innate Abilities, Weirdness & Mutations

You can spit globs of acid.
You are resistant to acid.
Your golden yellow scales are hard. (AC +6)
You cannot fit into any form of body armour.
You are cold-blooded and may be slowed by cold attacks.


Message History

The orc warrior shouts!
Your shield prevents you from hitting the orc.
You tail-slap the orc.
The orc is moderately wounded.
You block the orc's attack. The orc hits you but does no damage.
You hit the orc but do no damage.
You tail-slap the orc, but do no damage.
The orc is moderately wounded.
Your shield prevents you from hitting the orc warrior.
Your tail-slap misses the orc warrior.
The orc warrior hits you with a dire flail!!
You slash the orc warrior!
The orc warrior is moderately wounded.
You block the orc warrior's attack.
The orc warrior hits you with a dire flail!!
* * * LOW HITPOINT WARNING * * *
You barely miss the orc warrior.
The orc warrior is moderately wounded.
The orc warrior hits you with a dire flail!!
You die...

.## ###.............##
................#.....
....<.####..#........#
...#####....#.......
............#.#..#
.#....#...........
##.#..........(.#
####.#.#..........#
#.@oo###...........
####.#### #...........
#.....# #..#..#.##..
#.....# ##....).....
#.....# ##......##.
#.....#######...#...#.
#...............#)#...
#######.#####.#.#[...#.####
#........# #..#.....##.###.


You could see an orc warrior and an orc.

Vanquished Creatures
  A phantom (D:6)
  A centaur (D:6)
  A bullfrog zombie (D:5)
  3 hounds
  2 orc wizards (D:6)
  A jelly (D:5)
  A bullfrog skeleton (D:5)
  2 iguanas (D:5)
  A worker ant (D:6)
  A howler monkey zombie (D:5)
  2 adders (D:5)
  3 gnolls (D:3)
  A shadow imp (D:6)
  2 oozes
  3 worms (D:2)
  A dart slug (D:2)
  2 leopard geckos
  15 orcs
  9 giant cockroaches
  6 goblins
  7 hobgoblins
  10 jackals
  3 quokkas
  2 bats
  5 frilled lizards
  A jackal zombie (D:6)
  13 kobolds
  4 rats
103 creatures vanquished.

Notes
Turn   | Place    | Note
-------+----------+-------------------------------------------
     0 | D:1      | KristoblXynda the Draconian Fighter began the quest for the Orb.
     0 | D:1      | Reached XP level 1. HP: 19/19 MP: 1/1
   199 | D:1      | Reached XP level 2. HP: 22/26 MP: 2/2
   979 | D:1      | Reached XP level 3. HP: 25/31 MP: 3/3
  1818 | D:2      | Reached XP level 4. HP: 38/38 MP: 4/4
  2059 | D:3      | Reached skill level 4 in Shields
  2529 | D:3      | You fall through a shaft for 2 floors!
  2529 | D:5      | Entered Level 5 of the Dungeon
  2558 | D:5      | Reached XP level 5. HP: 42/45 MP: 5/5
  2920 | D:5      | Reached skill level 1 in Throwing
  2922 | D:5      | Found a staircase to the Ecumenical Temple.
  2931 | D:5      | Reached XP level 6. HP: 38/51 MP: 6/6
  2944 | D:5      | Got an ancient hand axe
  2999 | Temple   | Entered the Ecumenical Temple
  3020 | Temple   | Became a worshipper of Cheibriados the Contemplative
  3263 | D:5      | Identified the cursed +2 hand axe of Foul Odors {freeze, *Noise rPois Str+2 Stlth+} (You found it on level 5 of the Dungeon)
  3552 | D:5      | Reached skill level 5 in Shields
  4080 | D:6      | Reached * piety under Cheibriados
  4209 | D:6      | Reached skill level 1 in Invocations
  4224 | D:6      | Found a blossoming altar of Fedhas.
  4286 | D:6      | Your scales start taking on a golden yellow colour.
  4286 | D:6      | Reached XP level 7. HP: 27/57 MP: 6/8
  4467 | D:6      | Slain by an orc warrior

Vault maps used:
D:1:      saegor_arrival_simple_a, minmay_box_of_dots
D:3:      serial_glass, glass_columns_c, glass_columns_a
D:5:      first_bread
D:6:      fedhas_altar_3, uniq_crazy_yiuf_cottage
Temple:   lightli_temple_of_artemis

Skill      XL: |  1  2  3  4  5  6  7 |
---------------+----------------------+-----
Dodging        | 3 4 |  4.0
Long Blades    | 3 4 |  4.9
Shields        | 4 5 |  5.6
Throwing       | 1 |  1.3
Invocations    | 1 2 |  2.4
Fighting       | |  3.2

Action                   |  1- 3 |  4- 6 |  7- 9 || total
-------------------------+-------+-------+-------++-------
Melee: Long sword        |   150 |   192 |    14 ||   356
       Tailslap          |    23 |    34 |     6 ||    63
Evoke: Wand              |       |     4 |       ||     4
  Use: Scroll            |       |    11 |       ||    11
       Potion            |       |     4 |       ||     4
 Stab: Sleeping          |     1 |     5 |     1 ||     7
  Eat: Chunk             |     3 |     7 |     1 ||    11
       Pizza             |       |     1 |       ||     1
Armor: Skin              |    44 |    60 |     5 ||   109
Dodge: Dodged            |    65 |    86 |     7 ||   158
Block: Shield            |    73 |   101 |     8 ||   182
       Rpst.: Long sword |    17 |    22 |     3 ||    42
